 Dungeon Crawl Stone Soup version 0.21.1-1-g345015f (webtiles) character file.

340 Dharzhak the Digger (level 6, -2/32 HPs)
             Began as a Gargoyle Earth Elementalist on Apr 6, 2018.
             Incinerated by arcanemastermind's ghost (6 damage)
             ... with a sticky flame
             ... on level 3 of the Dungeon.
             The game lasted 00:18:44 (3743 turns).

Dharzhak the Digger (Gargoyle Earth Elementalist)   Turns: 3743, Time: 00:18:44

Health: -2/32      AC: 17    Str: 12    XL:     6   Next: 56%
Magic:  11/12      EV: 11    Int: 17    God:
Gold:   145        SH:  3    Dex: 10    Spells: 3/13 levels left

rFire    . . .     SeeInvis .   c - +0 dagger (protect)
rCold    . . .     Gourm    .   q - +0 buckler (curse)
rNeg     + . .     Faith    .   u - +0 leather armour
rPois    ∞         Spirit   .   (no helmet)
rElec    +         Reflect  .   a - +2 cloak
rCorr    .         Harm     .   (no gloves)
MR       .....                  (no boots)
Stlth    +.........             o - amulet of regeneration
HPRegen  0.50/turn              (no ring)
MPRegen  0.13/turn              (no ring)

@: liquid flames, protection aura, glowing
A: negative energy resistance 1, electricity resistance, unbreathing,
petrification resistance, rot immunity, AC +4
a: no special abilities


You were on level 3 of the Dungeon.
You were not hungry.

You visited 1 branch of the dungeon, and saw 4 of its levels.

You collected 145 gold pieces.

Inventory:

Hand Weapons
 c - a +0 dagger of protection (weapon)
 g - a +0 short sword of venom
 p - a +1 falchion of protection
Missiles
 b - 16 stones (quivered)
Armour
 a - a +2 cloak (worn)
 q - a cursed +0 buckler (worn)
 u - a +0 leather armour (worn)
Jewellery
 o - an amulet of regeneration (around neck)
Wands
 s - a wand of iceblast (8)
Scrolls
 f - 4 scrolls of identify {unknown}
 i - a scroll of fear {unknown}
 k - 3 scrolls of remove curse {unknown}
 m - a scroll of enchant armour {unknown}
 r - a scroll of teleportation {unknown}
Potions
 h - a potion of curing {unknown}
 j - a potion of ambrosia
 l - a potion of invisibility {unknown}
 n - 2 potions of might {unknown}
 t - a potion of resistance {unknown}
Books
 e - a book of Geomancy

   Spells                             Type                      Level
   a - Sandblast                      Earth                        1
   b - Passwall                       Transmutation/Earth          2
   c - Stone Arrow                    Conjuration/Earth            3
   d - Petrify                        Transmutation/Earth          4
   e - Lee's Rapid Deconstruction     Earth                        5
Comestibles
 d - 2 rations


   Skills:
 + Level 0.3 Fighting
 + Level 0.7 Long Blades
 * Level 2.6 Dodging
 + Level 2.7 Stealth
 + Level 0.2 Shields
 * Level 4.0 Spellcasting
 * Level 1.3 Conjurations
 + Level 0.8 Transmutations
 * Level 5.4 Earth Magic


You had 3 spell levels left.
You knew the following spells:

 Your Spells              Type           Power        Failure   Level  Hunger
a - Sandblast             Erth           ###...       3%          1    None
b - Passwall              Tmut/Erth      ##........   14%         2    ##.....
c - Stone Arrow           Conj/Erth      ###...       24%         3    ###....
d - Petrify               Tmut/Erth      ##......     65%         4    ####...


Dungeon Overview and Level Annotations

Branches:
Dungeon (4/15)
 Temple: D:4-7

Altars:
Ashenzari
Sif Muna

Annotations:
D:4 arcanemastermind's ghost, novice DEFE


Innate Abilities, Weirdness & Mutations

You are resistant to torment.
Your stone body is resilient. (AC +4)
You are immune to poison.
You resist negative energy. (rN+)
You are resistant to electric shocks. (rElec)
You can survive without breathing.
You are immune to petrification.
You are immune to rotting.


Message History

Arcanemastermind's ghost adeptly chants a nearly unspeakable incantation.
Arcanemastermind's ghost sprays you with burning goo.
The sticky flame hits you!
You are covered in liquid flames!
You hit arcanemastermind's ghost but do no damage.
Your weapon exudes an aura of protection.
You are covered in liquid flames!
Arcanemastermind's ghost lets out a mournful wail.
Arcanemastermind's ghost points at you and mumbles some strange words.
The flame tongue hits you!
A gnoll comes into view. It is wielding a club.
You are covered in liquid flames!
The gnoll shouts!
Arcanemastermind's ghost sprays you with burning goo.
The sticky flame hits you!
You are covered in liquid flames!
* * * LOW HITPOINT WARNING * * *
You climb upwards.
You are covered in liquid flames!
You die...

###...........#....# #.####.....
........).÷........####.# #....#
......(....÷÷#.#......#.####....#
.............#.#.#....#.#........
.............#...######.#........
.............#....).....#........
.............#....#######........
...###########....#### #........
...# #..@....# #........
...###########'#####.# #########
...............).....######
....÷.....................#
##..................#.....# ###
#....[.......##.##.#.....# #..
#............#...#.#....(# #..
#............#...#.#.....# #..
#..........###...######### #..


There were no monsters in sight!

Vanquished Creatures
  The ghost of bat the Slasher, an amateur HuMo (D:3)
  Jessica (D:2)
  An iguana (D:2)
  Ijyb (D:3)
  3 adders
  2 oozes
  2 worms (D:3)
  2 dart slugs
  2 leopard geckos (D:2)
  5 orcs (D:3)
  3 giant cockroaches
  17 goblins
  7 hobgoblins
  2 jackals (D:3)
  2 ball pythons
  10 bats
  6 frilled lizards
  12 kobolds
  5 rats
84 creatures vanquished.

Notes
Turn   | Place    | Note
-------+----------+-------------------------------------------
     0 | D:1      | Dharzhak the Gargoyle Earth Elementalist began the quest for the Orb.
     0 | D:1      | Reached XP level 1. HP: 10/10 MP: 3/3
   186 | D:1      | Reached skill level 4 in Earth Magic
   187 | D:1      | Reached XP level 2. HP: 15/15 MP: 1/5
   517 | D:1      | Learned a level 2 spell: Passwall
   981 | D:2      | Reached XP level 3. HP: 19/19 MP: 3/6
  1008 | D:2      | Learned a level 3 spell: Stone Arrow
  1275 | D:2      | Noticed Jessica
  1277 | D:2      | Killed Jessica
  1373 | D:2      | Reached XP level 4. HP: 24/24 MP: 5/8
  1659 | D:2      | Found a shattered altar of Ashenzari.
  1810 | D:2      | Reached XP level 5. HP: 28/28 MP: 7/9
  2071 | D:3      | Reached skill level 5 in Earth Magic
  2391 | D:3      | Learned a level 4 spell: Petrify
  2545 | D:3      | Noticed bat's ghost (amateur HuMo)
  2729 | D:3      | Killed bat's ghost
  2729 | D:3      | Reached skill level 1 in Conjurations
  2729 | D:3      | Reached XP level 6. HP: 25/32 MP: 11/11
  2934 | D:3      | Found a deep blue altar of Sif Muna.
  3224 | D:3      | Noticed Ijyb
  3611 | D:3      | Killed Ijyb
  3659 | D:4      | Noticed arcanemastermind's ghost (novice DEFE)
  3743 | D:3      | Incinerated by arcanemastermind's ghost

Skill      XL: |  1  2  3  4  5  6 |
---------------+-------------------+-----
Earth Magic    | 4 5 |  5.4
Spellcasting   | 3 4 |  4.0
Dodging        | 2 |  2.6
Conjurations   | 1 |  1.3
Fighting       | |  0.3
Long Blades    | |  0.7
Stealth        | |  2.7
Shields        | |  0.2
Transmutations | |  0.8

Action                   |  1- 3 |  4- 6 || total
-------------------------+-------+-------++-------
Melee: Hand axe          |    12 |       ||    12
       Unarmed           |     1 |       ||     1
       Short sword       |     6 |    16 ||    22
       Falchion          |       |    53 ||    53
       Dagger            |       |     4 ||     4
 Cast: Sandblast         |    33 |    57 ||    90
       Stone Arrow       |       |    15 ||    15
       Passwall          |       |     2 ||     2
  Use: Potion            |       |     1 ||     1
  Eat: Chunk             |     2 |     6 ||     8
       Ration            |       |     1 ||     1
Armor: Robe              |     8 |    31 ||    39
       Leather armour    |       |     1 ||     1
Dodge: Dodged            |    17 |    50 ||    67
Block: Buckler           |       |    11 ||    11
       Rpst.: Falchion   |       |     9 ||     9
